TOP OF THE 1ST |
Laredo Hawks batting - Pitching for Belleville Bulls : RHP Colby Graham
|
Pitching: RHP Colby Graham
|
|
Batting: RHB Victor Jensen
|
0-0: Ball 1-0: Ball 2-0: Ball 3-0: Called Strike 3-1: Called Strike 3-2: Foul Ball, location: 2F 3-2: Strikes out looking
|
Batting: LHB Kalino Iolana
|
0-0: Called Strike 0-1: SINGLE (Flyball, 9S, EV 93.8 MPH)
|
Batting: RHB Woody Maxwell
|
0-0: Ball 1-0: Called Strike 1-1: Ball 2-1: Foul Ball, location: 2F 2-2: Fielders Choice at 2nd, 6-4 (Groundball, 6, EV 98.1 MPH)
|
Batting: RHB Neung-uk Yi
|
0-0: Ball 1-0: Ball 2-0: Ball 3-0: Called Strike 3-1: Foul Ball, location: 2F 3-2: Base on Balls Woody Maxwell to second
|
Batting: LHB Scott Beavis
|
0-0: Foul Ball, location: 2F 0-1: Fielders Choice at 2nd, 6-4 (Groundball, 6, EV 105.0 MPH)
|
Top of the 1st over - 0 runs, 1 hit, 0 errors, 2 left on base; Laredo 0 - Belleville 0 |
BOTTOM OF THE 1ST |
Belleville Bulls batting - Pitching for Laredo Hawks : LHP Matt Cornett
|
Pitching: LHP Matt Cornett
|
|
Batting: SHB Russ King
|
0-0: Foul Ball, location: 2F 0-1: Ground out 1-3 (Groundball, 13, EV 67.5 MPH)
|
Batting: SHB Ed Reese
|
0-0: Called Strike 0-1: Ball 1-1: Foul Ball, location: 2F 1-2: Ball 2-2: SINGLE (Groundball, 56D, EV 103.8 MPH)
|
Batting: RHB Arthur Hall
|
0-0: Called Strike 0-1: Foul Ball, location: 2F 0-2: Ball 1-2: Strikes out looking
|
Batting: LHB Juan Romero
|
0-0: Ball 1-0: Ball 2-0: Ball 3-0: Base on Balls Ed Reese to second
|
Batting: LHB Román Ramos
|
0-0: Ball 1-0: Ball 2-0: Foul Ball, location: 2F 2-1: Foul Ball, location: 2F 2-2: Strikes out looking
|
Bottom of the 1st over - 0 runs, 1 hit, 0 errors, 2 left on base; Laredo 0 - Belleville 0 |
TOP OF THE 2ND |
Laredo Hawks batting - Pitching for Belleville Bulls : RHP Colby Graham
|
Batting: RHB Steve Turner
|
0-0: Called Strike 0-1: Ball 1-1: Ball 2-1: Foul Ball, location: 2F 2-2: Strikes out looking
|
Batting: LHB George McLean
|
0-0: Called Strike 0-1: Foul Ball, location: 2F 0-2: Ball 1-2: Strikes out swinging
|
Batting: RHB Lynn Medlen
|
0-0: SINGLE (Groundball, 6MD, EV 103.1 MPH)
|
Batting: RHB Ángel Sánchez
|
0-0: Ball 1-0: Ground out 4-3 (Groundball, 4, EV 90.0 MPH)
|
Top of the 2nd over - 0 runs, 1 hit, 0 errors, 1 left on base; Laredo 0 - Belleville 0 |
BOTTOM OF THE 2ND |
Belleville Bulls batting - Pitching for Laredo Hawks : LHP Matt Cornett
|
Batting: SHB Kenny Dixon
|
0-0: Called Strike 0-1: Ground out 5-3 (Groundball, 56, EV 100.6 MPH)
|
Batting: LHB Maikel Nelis
|
0-0: Foul Ball, location: 2F 0-1: Ball 1-1: Foul Ball, location: 2F 1-2: Ball 2-2: Foul Ball, location: 2F 2-2: Strikes out looking
|
Batting: LHB Steve Burnett
|
0-0: Fly out, F8 (Flyball, 8LXD, EV 88.8 MPH)
|
Bottom of the 2nd over - 0 runs, 0 hits, 0 errors, 0 left on base; Laredo 0 - Belleville 0 |
TOP OF THE 3RD |
Laredo Hawks batting - Pitching for Belleville Bulls : RHP Colby Graham
|
Batting: RHB Victor Jensen
|
0-0: Foul Ball, location: 2F 0-1: Foul Ball, location: 2F 0-2: Ball 1-2: Foul Ball, location: 2F 1-2: Fly out, F8 (Flyball, 89M, EV 91.9 MPH)
|
Batting: LHB Kalino Iolana
|
0-0: Swinging Strike 0-1: Ball 1-1: Ball 2-1: Ground out 4-3 (Groundball, 4, EV 83.8 MPH)
|
Batting: RHB Woody Maxwell
|
0-0: Called Strike 0-1: Swinging Strike 0-2: Strikes out looking
|
Top of the 3rd over - 0 runs, 0 hits, 0 errors, 0 left on base; Laredo 0 - Belleville 0 |
BOTTOM OF THE 3RD |
Belleville Bulls batting - Pitching for Laredo Hawks : LHP Matt Cornett
|
Batting: LHB Abdul-Alim Nadeem
|
0-0: Fly out, F9 (Flyball, 9S, EV 94.4 MPH)
|
Batting: SHB Russ King
|
0-0: Ball 1-0: Ball 2-0: Ball 3-0: Called Strike 3-1: Base on Balls
|
Batting: SHB Ed Reese
|
0-0: Ball Russ King steals 2nd base (no throw) 1-0: Called Strike 1-1: Foul Ball, location: 2F 1-2: Ball 2-2: Ball 3-2: Ground out 6-3 (Groundball, 6, EV 115.0 MPH)
|
Batting: RHB Arthur Hall
|
0-0: Fly out, F9 (Flyball, 9S, EV 80.6 MPH)
|
Bottom of the 3rd over - 0 runs, 0 hits, 0 errors, 1 left on base; Laredo 0 - Belleville 0 |
TOP OF THE 4TH |
Laredo Hawks batting - Pitching for Belleville Bulls : RHP Colby Graham
|
Batting: RHB Neung-uk Yi
|
0-0: Ball 1-0: Called Strike 1-1: Foul Ball, location: 2F 1-2: Ball 2-2: SINGLE (Groundball, 6MD, EV 93.8 MPH)
|
Batting: LHB Scott Beavis
|
0-0: Swinging Strike 0-1: Fly out, F8 (Flyball, 78XD, EV 86.2 MPH) Runner from 1st tags up, SAFE at 2nd
|
Batting: RHB Steve Turner
|
0-0: Foul Ball, location: 2F 0-1: Ball 1-1: Ground out 6-3 (Groundball, 6, EV 100.6 MPH)
|
Batting: LHB George McLean
|
0-0: Called Strike 0-1: Swinging Strike 0-2: Ball 1-2: Strikes out swinging
|
Top of the 4th over - 0 runs, 1 hit, 0 errors, 1 left on base; Laredo 0 - Belleville 0 |
BOTTOM OF THE 4TH |
Belleville Bulls batting - Pitching for Laredo Hawks : LHP Matt Cornett
|
Batting: LHB Juan Romero
|
0-0: Ball 1-0: Swinging Strike 1-1: Swinging Strike 1-2: Ball 2-2: Ball 3-2: Foul Ball, location: 2F 3-2: Foul Ball, location: 2F 3-2: Ground out 1-3 (Groundball, 23, EV 80.0 MPH)
|
Batting: LHB Román Ramos
|
0-0: Ball 1-0: Called Strike 1-1: SINGLE (Groundball, 4D, EV 105.0 MPH)
|
Batting: SHB Kenny Dixon
|
0-0: Called Strike 0-1: Ball 1-1: Fly out, F9 (Flyball, 9S, EV 91.2 MPH)
|
Batting: LHB Maikel Nelis
|
0-0: Fly out, F7 (Flyball, 7, EV 83.8 MPH)
|
Bottom of the 4th over - 0 runs, 1 hit, 0 errors, 1 left on base; Laredo 0 - Belleville 0 |
TOP OF THE 5TH |
Laredo Hawks batting - Pitching for Belleville Bulls : RHP Colby Graham
|
Batting: RHB Lynn Medlen
|
0-0: Ball 1-0: Foul Ball, location: 2F 1-1: Ball 2-1: Foul Ball, location: 2F 2-2: Ball 3-2: Fly out, F8 (Line Drive, 8LD, EV 98.1 MPH)
|
Batting: RHB Ángel Sánchez
|
0-0: Ball 1-0: Ground out U3 (Groundball, 3S, EV 65.0 MPH)
|
Batting: RHB Victor Jensen
|
0-0: Ball 1-0: Ball 2-0: Called Strike 2-1: Swinging Strike 2-2: Strikes out looking
|
Top of the 5th over - 0 runs, 0 hits, 0 errors, 0 left on base; Laredo 0 - Belleville 0 |
BOTTOM OF THE 5TH |
Belleville Bulls batting - Pitching for Laredo Hawks : LHP Matt Cornett
|
Batting: LHB Steve Burnett
|
0-0: Ball 1-0: Fly out, F8 (Flyball, 8LM, EV 80.0 MPH)
|
Batting: LHB Abdul-Alim Nadeem
|
0-0: Ball 1-0: Ball 2-0: Foul Ball, location: 2F 2-1: Called Strike 2-2: Ball 3-2: Strikes out swinging
|
Batting: SHB Russ King
|
0-0: Ball 1-0: Foul Ball, location: 2F 1-1: Ball 2-1: Ground out 4-3 (Groundball, 4, EV 100.0 MPH)
|
Bottom of the 5th over - 0 runs, 0 hits, 0 errors, 0 left on base; Laredo 0 - Belleville 0 |
TOP OF THE 6TH |
Laredo Hawks batting - Pitching for Belleville Bulls : RHP Colby Graham
|
Batting: LHB Kalino Iolana
|
0-0: Called Strike 0-1: Ball 1-1: Ball 2-1: Ball 3-1: Foul Ball, location: 2F 3-2: Foul Ball, location: 2F 3-2: Ground out U3 (Groundball, 3, EV 84.4 MPH)
|
Batting: RHB Woody Maxwell
|
0-0: Ball 1-0: SOLO HOME RUN (Flyball, 9D, EV 104.4 MPH), Distance : 362 ft
|
Batting: RHB Neung-uk Yi
|
0-0: Called Strike 0-1: Ball 1-1: Ball 2-1: Ball 3-1: Base on Balls
|
Batting: LHB Scott Beavis
|
0-0: Swinging Strike 0-1: Fly out, F7 (Flyball, 78S, EV 86.2 MPH)
|
Pitching: RHP Luis Martínez
|
|
Batting: RHB Steve Turner
|
0-0: Ball 1-0: Ball 2-0: Called Strike 2-1: Swinging Strike 2-2: Ball 3-2: Foul Ball, location: 2F 3-2: Fly out, F4 (Popup, 3D, EV 50.0 MPH)
|
Top of the 6th over - 1 run, 1 hit, 0 errors, 1 left on base; Laredo 1 - Belleville 0 |
BOTTOM OF THE 6TH |
Belleville Bulls batting - Pitching for Laredo Hawks : LHP Matt Cornett
|
Batting: SHB Ed Reese
|
0-0: Called Strike 0-1: Called Strike 0-2: Strikes out swinging
|
Batting: RHB Arthur Hall
|
0-0: Ball 1-0: Foul Ball, location: 2F 1-1: Called Strike 1-2: Ball 2-2: SOLO HOME RUN (Flyball, 7D, EV 92.5 MPH), Distance : 384 ft
|
Batting: LHB Juan Romero
|
0-0: Ball 1-0: Foul Ball, location: 2F 1-1: Ball 2-1: Ball 3-1: Base on Balls
|
Batting: LHB Román Ramos
|
0-0: Called Strike 0-1: Foul Ball, location: 2F 0-2: Strikes out swinging
|
Pitching: RHP Domingo Jones
|
|
Batting: SHB Kenny Dixon
|
0-0: Called Strike 0-1: Called Strike Juan Romero is caught stealing 2nd base 2-6
|
Bottom of the 6th over - 1 run, 1 hit, 0 errors, 0 left on base; Laredo 1 - Belleville 1 |
TOP OF THE 7TH |
Laredo Hawks batting - Pitching for Belleville Bulls : RHP Luis Martínez
|
Batting: LHB George McLean
|
0-0: Ball 1-0: Ball 2-0: SINGLE (Line Drive, 6D, EV 105.6 MPH)
|
Batting: RHB Lynn Medlen
|
0-0: Sac Bunt to 13 - play at first, batter OUT! 1-4 George McLean to second
|
Batting: RHB Ángel Sánchez
|
0-0: Ball 1-0: Ground out 6-3 (Groundball, 6MD, EV 106.9 MPH) George McLean to third
|
Batting: RHB Victor Jensen
|
0-0: Ball 1-0: Called Strike 1-1: Swinging Strike 1-2: Foul Ball, location: 2F 1-2: Ground out 4-3 (Groundball, 4, EV 105.0 MPH)
|
Top of the 7th over - 0 runs, 1 hit, 0 errors, 1 left on base; Laredo 1 - Belleville 1 |
BOTTOM OF THE 7TH |
Belleville Bulls batting - Pitching for Laredo Hawks : RHP Domingo Jones
|
Batting: SHB Kenny Dixon
|
0-0: Called Strike 0-1: Swinging Strike 0-2: Fly out, F5 (Popup, 5SF, EV 70.6 MPH)
|
Batting: LHB Maikel Nelis
|
0-0: Called Strike 0-1: Foul Ball, location: 2F 0-2: Ball 1-2: Ball 2-2: Strikes out looking
|
Batting: LHB Steve Burnett
|
0-0: Ball 1-0: Fly out, F3 (Flyball, 34D, EV 89.4 MPH)
|
Bottom of the 7th over - 0 runs, 0 hits, 0 errors, 0 left on base; Laredo 1 - Belleville 1 |
TOP OF THE 8TH |
Laredo Hawks batting - Pitching for Belleville Bulls : RHP Luis Martínez
|
Batting: LHB Kalino Iolana
|
0-0: SINGLE (Groundball, 4MD, EV 104.4 MPH)
|
Batting: RHB Woody Maxwell
|
0-0: Ball 1-0: Ball 2-0: Ball 3-0: Base on Balls Kalino Iolana to second
|
Batting: RHB Neung-uk Yi
|
0-0: Fielders Choice at 2nd, 6-4 (Groundball, 6, EV 107.5 MPH) Kalino Iolana to third
|
Batting: LHB Scott Beavis
|
0-0: Called Strike 0-1: Fly out, F7 (Flyball, 7D, EV 101.9 MPH) Runner from 3rd tags up, SCORES, no throw by LF
|
Batting: RHB Steve Turner
|
0-0: Called Strike 0-1: Foul Ball, location: 2F 0-2: Strikes out swinging
|
Top of the 8th over - 1 run, 1 hit, 0 errors, 1 left on base; Laredo 2 - Belleville 1 |
BOTTOM OF THE 8TH |
Belleville Bulls batting - Pitching for Laredo Hawks : RHP Domingo Jones
|
Batting: LHB Abdul-Alim Nadeem
|
0-0: Called Strike 0-1: Ball 1-1: Ball 2-1: Ball 3-1: Base on Balls
|
Pitching: RHP André Noël
|
|
Batting: SHB Russ King
|
0-0: Sac Bunt to 23 - play at first, batter OUT! 3-4 Abdul-Alim Nadeem to second
|
Pitching: RHP Jack Elvidge
|
|
Batting: SHB Ed Reese
|
0-0: Ball 1-0: Called Strike 1-1: Ball 2-1: Swinging Strike 2-2: Strikes out looking
|
Batting: RHB Arthur Hall
|
0-0: Called Strike 0-1: Ball 1-1: Ball 2-1: Ball 3-1: Foul Ball, location: 2F 3-2: Strikes out swinging
|
Bottom of the 8th over - 0 runs, 0 hits, 0 errors, 1 left on base; Laredo 2 - Belleville 1 |
TOP OF THE 9TH |
Laredo Hawks batting - Pitching for Belleville Bulls : RHP Luis Martínez
|
Batting: LHB George McLean
|
0-0: Called Strike 0-1: Ball 1-1: Foul Ball, location: 2F 1-2: Ball 2-2: Strikes out looking
|
Batting: RHB Lynn Medlen
|
0-0: Foul Ball, location: 2F 0-1: Swinging Strike 0-2: Ball 1-2: Ground out 6-3 (Groundball, 6, EV 91.2 MPH)
|
Batting: RHB Ángel Sánchez
|
0-0: Ball 1-0: Foul Ball, location: 2F 1-1: Ball 2-1: SINGLE (Line Drive, 89S, EV 91.2 MPH)
|
Batting: RHB Victor Jensen
|
0-0: Ball 1-0: Called Strike 1-1: Foul Ball, location: 2F 1-2: Ball 2-2: Fly out, F7 (Flyball, 7S, EV 88.1 MPH)
|
Top of the 9th over - 0 runs, 1 hit, 0 errors, 1 left on base; Laredo 2 - Belleville 1 |
BOTTOM OF THE 9TH |
Belleville Bulls batting - Pitching for Laredo Hawks : RHP Jack Elvidge
|
Batting: LHB Juan Romero
|
0-0: Foul Ball, location: 2F 0-1: Fly out, F8 (Flyball, 8RM, EV 91.9 MPH)
|
Batting: LHB Román Ramos
|
0-0: Ball 1-0: Swinging Strike 1-1: Ball 2-1: Foul Ball, location: 2F 2-2: Ball 3-2: Strikes out swinging
|
Batting: SHB Kenny Dixon
|
0-0: Ball 1-0: Ball 2-0: Called Strike 2-1: SOLO HOME RUN (Flyball, 9D, EV 91.2 MPH), Distance : 360 ft
|
Batting: LHB Maikel Nelis
|
0-0: Foul Ball, location: 2F 0-1: Ball 1-1: Swinging Strike 1-2: Foul Ball, location: 2F 1-2: Strikes out swinging
|
Bottom of the 9th over - 1 run, 1 hit, 0 errors, 0 left on base; Laredo 2 - Belleville 2 |
TOP OF THE 10TH |
Laredo Hawks batting - Pitching for Belleville Bulls : RHP Luis Martínez
|
Pitching: RHP Tony Rodríguez
|
|
Batting: LHB Kalino Iolana
|
0-0: Ball 1-0: Swinging Strike 1-1: Called Strike 1-2: Ball 2-2: Ball 3-2: Strikes out swinging
|
Batting: RHB Woody Maxwell
|
0-0: Called Strike 0-1: Ground out 6-3 (Groundball, 6, EV 103.1 MPH)
|
Batting: RHB Neung-uk Yi
|
0-0: Ball 1-0: Ball 2-0: Called Strike 2-1: SINGLE (Groundball, 4D, EV 100.6 MPH)
|
Batting: LHB Scott Beavis
|
0-0: Ball 1-0: Ball Wild Pitch! Neung-uk Yi to second 2-0: Intentional Walk
|
Batting: RHB Steve Turner
|
0-0: Called Strike 0-1: Swinging Strike 0-2: Strikes out looking
|
Top of the 10th over - 0 runs, 1 hit, 0 errors, 2 left on base; Laredo 2 - Belleville 2 |
BOTTOM OF THE 10TH |
Belleville Bulls batting - Pitching for Laredo Hawks : RHP Jack Elvidge
|
Pinch Hitting: SHB Geoffrey Richardson
|
0-0: Foul Ball, location: 2F 0-1: Foul Ball, location: 2F 0-2: Strikes out swinging
|
Batting: LHB Abdul-Alim Nadeem
|
0-0: Ball 1-0: Ball 2-0: Ground out 6-3 (Groundball, 6, EV 81.2 MPH)
|
Batting: SHB Russ King
|
0-0: Ball 1-0: Called Strike 1-1: Foul Ball, location: 2F 1-2: DOUBLE (Line Drive, 9LD, EV 103.8 MPH)
|
Batting: SHB Ed Reese
|
0-0: Fly out, F7 (Line Drive, 7, EV 88.1 MPH)
|
Bottom of the 10th over - 0 runs, 1 hit, 0 errors, 1 left on base; Laredo 2 - Belleville 2 |
TOP OF THE 11TH |
Laredo Hawks batting - Pitching for Belleville Bulls : RHP Tony Rodríguez
|
Pitching: RHP Sam Martínez
|
|
Now in LF: Tsugumichi Sato
|
|
Batting: LHB George McLean
|
0-0: Foul Ball, location: 2F 0-1: Ball 1-1: Swinging Strike 1-2: Foul Ball, location: 2F 1-2: Ball 2-2: Ball 3-2: Foul Ball, location: 2F 3-2: Strikes out swinging
|
Pinch Hitting: SHB Mark Wofford
|
0-0: Ball 1-0: Ball 2-0: Called Strike 2-1: Ball 3-1: SOLO HOME RUN (Flyball, 89XD, EV 98.1 MPH), Distance : 415 ft
|
Batting: RHB Ángel Sánchez
|
0-0: Ball 1-0: Swinging Strike 1-1: Foul Ball, location: 2F 1-2: Foul Ball, location: 2F 1-2: Ball 2-2: Ball 3-2: Strikes out swinging
|
Batting: RHB Victor Jensen
|
0-0: Foul Ball, location: 2F 0-1: Ball 1-1: Foul Ball, location: 2F 1-2: Foul Ball, location: 2F 1-2: Foul Ball, location: 2F 1-2: Ball 2-2: Strikes out swinging
|
Top of the 11th over - 1 run, 1 hit, 0 errors, 0 left on base; Laredo 3 - Belleville 2 |
BOTTOM OF THE 11TH |
Belleville Bulls batting - Pitching for Laredo Hawks : RHP Jack Elvidge
|
Now at 2B: Elwiin de Meij
|
|
Batting: RHB Arthur Hall
|
0-0: SINGLE (Line Drive, 89D, EV 109.4 MPH)
|
Batting: LHB Juan Romero
|
0-0: Swinging Strike 0-1: Ball 1-1: Ball 2-1: Foul Ball, location: 2F 2-2: Strikes out looking
|
Batting: LHB Román Ramos
|
0-0: Ball 1-0: Foul Ball, location: 2F 1-1: Ball 2-1: Swinging Strike 2-2: Foul Ball, location: 2F 2-2: Fly out, F8 (Flyball, 89D, EV 95.0 MPH) Runner from 1st tags up, SAFE at 2nd
|
Batting: SHB Kenny Dixon
|
0-0: Fly out, F7 (Flyball, 78M, EV 92.5 MPH)
|
Bottom of the 11th over - 0 runs, 1 hit, 0 errors, 1 left on base; Laredo 3 - Belleville 2 |
|